 Dungeon Crawl Stone Soup version 0.31.0-9-g3a7656b989 (webtiles) character file.

Game seed: 15115584847669633849

54 qw the Shooter (level 3, -2/18 HPs)
             Began as a Spriggan Hunter on Feb 2, 2024.
             Succumbed to an orc's poison
             ... on level 3 of the Dungeon.
             The game lasted 00:00:04 (1101 turns).

qw the Shooter (Spriggan Hunter)                    Turns: 1101, Time: 00:00:05

Health: -2/18      AC:  2    Str:  7    XL:     3   Next: 66%
Magic:  4/4        EV: 19    Int: 10    God:
Gold:   133        SH:  0    Dex: 20    Spells: 2/2 levels left

rFire   . . .        a - +0 shortbow
rCold   . . .        (shield currently unavailable)
rNeg    . . .        c - +0 robe
rPois   .            (helmet restricted)
rElec   .            (no cloak)
rCorr   .            (gloves unavailable)
SInv    +            (boots unavailable)
Will    .....        (no amulet)
Stlth   ++           (no ring)
HPRegen 0.23/turn    (no ring)
MPRegen 0.09/turn

%: no passive effects
@: lethally poisoned (-2 -> -17), very quick
A: very small, no large weapons, unfitting armour, see invisible, speed 3
a: no special abilities


You were on level 3 of the Dungeon.
You visited 1 branch of the dungeon, and saw 3 of its levels.

You collected 133 gold pieces.


Innate Abilities, Weirdness & Mutations

You are very small and have problems with some larger weapons.
You are too small for most types of armour.
You have supernaturally acute eyesight. (SInv)
You cover ground extremely quickly. (Speed+++)


   Skills:
 - Level 1.5 Fighting
 + Level 4.9 Ranged Weapons
 - Level 4.0 Dodging
 - Level 1.5 Stealth


You had 2 spell levels left.
You didn't know any spells.
Your spell library was empty.

Inventory:

Hand Weapons
 a - a +0 shortbow (weapon)
Armour
 c - a +0 robe (worn)
Potions
 d - a potion of enlightenment
 e - a potion of berserk rage {unknown}
 f - a potion of heal wounds {unknown}
 g - a potion of curing

Dungeon Overview and Level Annotations

Branches:
Dungeon (3/15)

Altars:
Hepliaklqana


Message History

The orc hits you with a +0 dagger.
You shoot an arrow. The arrow hits the orc.
The orc is lightly wounded.
The orc completely misses you. x2
You shoot an arrow. The arrow hits the orc.
The orc is heavily wounded.
The orc closely misses you. The orc completely misses you.
You shoot an arrow. The arrow closely misses the orc.
The orc barely misses you. The orc completely misses you.
You shoot an arrow. The orc shouts!
The arrow hits the orc but does no damage.
The orc is heavily wounded.
The orc barely misses you. The orc completely misses you.
You shoot an arrow. The arrow barely misses the orc.
The orc closely misses you.
You shoot an arrow. The arrow closely misses the orc.
The orc barely misses you. The orc misses you.
You shoot an arrow. The arrow hits the orc!
You kill the orc!
The orc completely misses you. The orc closely misses you. The orc misses you.
The orc hits you with a +1 short sword of venom.
You are poisoned.
You shoot an arrow. The arrow hits the orc.
The orc is severely wounded.
You feel very sick. The orc misses you. x2
You shoot an arrow. The arrow hits the orc.
The orc is severely wounded.
You feel sick.
The orc hits you with a +1 hand axe of electrocution.
The orc barely misses you.
You shoot an arrow. The arrow hits the orc.
You kill the orc!
You feel sick.
The orc hits you with a +1 short sword of venom.
You are more poisoned.
Enter note:
1101 ||| RETREEEEATING.
You die...

#.....# ####.# #.<...#
####.#### ##...## #...%...#
##.## ##.....#.# #.#
#........######.##r #.#
#............<..).
#.####.........).....#
#...........#..####.###o
##########......@oJr....O..
..............#.#.#o#####.
############.#.#####.#
###### #....# ..# .....#
#.##.# ..# ####.# #.###.#
#.# #.# ... .) #.# >..#


oO# #.# ....# ..# You could see 2 orcs, an endoplasm and a rat.

Vanquished Creatures
  An adder (D:2)
  A dart slug (D:2)
  5 orcs (D:3)
  A bat (D:2)
  2 endoplasms
  2 giant cockroaches
  4 goblins
  6 hobgoblins
  3 kobolds
  A quokka (D:1)
  6 ball pythons
  A frilled lizard (D:3)
  3 rats
36 creatures vanquished.

Notes
Turn   | Place    | Note
-------+----------+-------------------------------------------
     0 | D:1      | qw the Spriggan Hunter began the quest for the Orb.
     0 | D:1      | Reached XP level 1. HP: 10/10 MP: 2/2
     0 | D:1      | 0 ||| qw: Version: 0.3-a-155-g5e7d8dd
     0 | D:1      | 0 ||| qw: Game counter: 2314
     0 | D:1      | 0 ||| qw: Melee chars always use a shield: true
     0 | D:1      | 0 ||| qw: God list: Okawaru
     0 | D:1      | 0 ||| qw: Allow faded altars: false
     0 | D:1      | 0 ||| qw: Do Orc after clearing Dungeon:15 true
     0 | D:1      | 0 ||| qw: Do second Lair branch before Depths: true
     0 | D:1      | 0 ||| qw: Lair rune preference: random
     0 | D:1      | 0 ||| qw: Goals: Normal
     0 | D:1      | 0 ||| PLANNING D:1-11
    32 | D:1      | Reached skill level 3 in Dodging
   112 | D:1      | Reached XP level 2. HP: 14/14 MP: 3/3
   479 | D:1      | 479 ||| READING scroll labelled JIOGRO IGATO.
   580 | D:1      | 580 ||| READING scroll labelled FOEZXE PAXU.
   581 | D:1      | 581 ||| READING scroll labelled CEODDOPEOM.
   582 | D:1      | 582 ||| DRINKING 2 white potions.
   583 | D:1      | 583 ||| DROPPING scroll of butterflies.
   682 | D:2      | Reached XP level 3. HP: 18/18 MP: 4/4
   847 | D:2      | Found a hazy altar of Hepliaklqana.
   936 | D:2      | 936 ||| READING scroll labelled MAONINYPYN.
   940 | D:2      | 940 ||| DRINKING 2 grey potions.
  1082 | D:3      | 1082 ||| RETREEEEATING.
  1086 | D:3      | Noticed an ogre
  1087 | D:3      | 1087 ||| RETREEEEATING.
  1100 | D:3      | HP: 4/18 [poisoned by an orc]
  1100 | D:3      | HP: 1/18 [orc/+1 short sword of venom (3)]
  1101 | D:3      | 1101 ||| RETREEEEATING.
  1101 | D:3      | Succumbed to an orc's poison

Levels and vault maps discovered:
D:1:      dpeg_arrival_shrine, layout_rooms, supply_closet_lemuel
D:2:      layout_rooms, basic_altar
D:3:      layout_loops_ring, nemelex_spade_bored_becter,
          mainiacjoe_overflow_boulevard

Skill      XL: |  1  2 |
---------------+-------+-----
Dodging        | 3 4 |  4.0
Fighting       | |  1.5
Ranged Weapons | |  4.9
Stealth        | |  1.5

Action                     || total
---------------------------++-------
   Fire: Shortbow          ||    89
    Use: Scroll            ||     4
         Potion            ||     2
 Armour: Robe              ||     7
  Dodge: Dodged            ||    24

Table legend:
 A = Non-vault XP
 B = Vault XP
 C = Vault XP percentage of total XP
 D = Non-vault monster count
 E = Vault monster count
 F = Vault count percentage of total count
                 A         B        C        D         E       F
            +---------+---------+-------+---------+---------+-------
      Total |      78 |       0 |   0.0 |      36 |       0 |   0.0
            +---------+---------+-------+---------+---------+-------
        D:1 |      21 |       0 |   0.0 |      13 |       0 |   0.0
        D:2 |      39 |       0 |   0.0 |      16 |       0 |   0.0
        D:3 |      18 |       0 |   0.0 |       7 |       0 |   0.0
            +---------+---------+-------+---------+---------+-------
